 Dungeon Sprint DCSS version 0.30.1-11-g7821555f0a (webtiles) character file.

Game seed: 3036220274860210926

8428 Groucho the Eclecticist (level 11, -16/90 HPs)
             Began as a Djinni Earth Elementalist on Dec 17, 2023.
             Was the Champion of Dithmenos.
             Shot with a bolt by an orc knight (22 damage)
             ... in the Dungeon (Sprint VII: "The Pits").
             The game lasted 00:11:53 (5514 turns).

Groucho the Eclecticist (Djinni Earth Elementalist) Turns: 5514, Time: 00:11:53

Health: -16/90     AC:  3    Str: 10    XL:     11   Next: 55%
Gold:   0          EV: 16    Int: 21    God:    Dithmenos [******] SH:  0 Dex: 14

rFire   + + .        g - +2 dagger
rCold   x . .        (no shield)
rNeg    . . .        a - +0 robe
rPois   ∞            (no helmet)
rElec   .            (no cloak)
rCorr   .            r - +0 pair of gloves
SInv    .            (boots unavailable)
Will    +....        (no amulet)
Stlth   +            l - +3 ring of evasion
HPRegen 0.35/turn    m - +3 ring of strength
MPRegen 0.00/turn

%: no teleportation, infuse magic (-17 HP)
@: on fire, flying, glowing
A: sickness immunity, fire resistance 2, cold vulnerability 1, float, innate
caster, HP casting, extra vitality 1
a: Renounce Religion, Shadow Step, Shadow Form


You were in the Dungeon.
You worshipped Dithmenos.
Dithmenos was exalted by your worship.
You visited 1 branch

Inventory:

Hand Weapons
 g - a +2 dagger (weapon)
 h - a +2 trident
 q - a +2 rapier of distortion
Armour
 a - a +0 robe (worn)
 k - a +3 scale mail
 r - a +0 pair of gloves (worn)
Jewellery
 l - a +3 ring of evasion (left hand)
 m - a +3 ring of strength (right hand)
Potions
 b - 7 potions of curing
 d - 2 potions of haste
 e - 3 potions of berserk rage
 i - 2 potions of invisibility
 n - 2 potions of might
 o - a potion of resistance
 p - a potion of mutation


   Skills:
 + Level 12.4 Fighting
 + Level 1.8 Short Blades
 + Level 2.0 Armour
 + Level 3.3 Dodging
 + Level 2.6 Stealth
 * Level 18.3 Spellcasting


You knew the following spells:

 Your Spells              Type           Power      Damage    Failure   Level
a - Sandblast             Erth           100%       2d20      0%          1
b - Passwall              Tmut/Erth      64%        N/A       0%          2
c - Stone Arrow           Conj/Erth      100%       3d13      0%          3
d - Petrify               Tmut/Erth      77%        N/A       0%          4
e - Beastly Appendage     Tmut           100%       N/A       0%          1
f - Wereblood             Tmut           77%        N/A       0%          2
g - Swiftness             Air            77%        N/A       0%          3
h - Fulminant Prism       Conj/Hex       38%        3d18      0%          4
i - Summon Ice Beast      Ice/Summ       77%        N/A       0%          4
Your spell library was empty.

Dungeon Overview and Level Annotations

Branches:
Dungeon (1/1)

Altars:
Ashenzari
Cheibriados
Dithmenos
Elyvilon
Fedhas
Gozag
Hepliaklqana
Makhleb
Nemelex Xobeh
Okawaru
Qazlal
Ru
Trog
Uskayaw
Wu Jian
Xom
Yredelemnul
Zin
The Shining One
Jiyva
Lugonu


Innate Abilities, Weirdness & Mutations

You are immune to sickness and miasma.
You are immune to poison.
Your flesh is very heat resistant. (rF++)
You are vulnerable to cold. (rC-)
You float through the air rather than walking.
You learn spells naturally, not from books.
Your magical power is your life essence.
You have superior vitality. (+4 MHP)


Message History

Unknown command.
Unknown command.
Okay, then.
As you read the scroll of summoning, it crumbles to dust.
Wisps of shadow whirl around you... The deep troll barely misses you.
The deep troll closely misses you. The deep troll claws you!
* * * LOW HITPOINT WARNING * * *
Unknown command.
Unknown command.
The orc knight unwields a +0 great sword.
The orc knight wields a +0 arbalest.
The orc knight shoots a bolt.
The bolt misses your small abomination. The bolt closely misses you.
You swap places.
The smoke demon hits your small abomination.
The smoke demon hits your small abomination but does no damage. x2
The deep troll bites your small abomination!!
The deep troll claws your small abomination!
Your small abomination is destroyed!
Your small abomination dissolves into shadows!
The orc knight shoots a bolt.
The bolt hits you!
* * * LOW HITPOINT WARNING * * *
Your ice beast hits the smoke demon but does no damage.
Unknown command.
You feel much better. The smoke demon gestures at you.
The sticky flame hits you. You resist.
You are covered in liquid flames!
The orc knight shoots a bolt.
The bolt hits you!!
* * * LOW HITPOINT WARNING * * *
You emit a cloud of dark smoke.
You feel much better.
You are covered in liquid flames!
The smoke demon gestures at you. Something smites you!
* * * LOW HITPOINT WARNING * * *
The deep troll completely misses you. The deep troll claws you!
* * * LOW HITPOINT WARNING * * *
The deep troll closely misses you.
The orc knight shoots a bolt.
The bolt hits you!!
You die...

##'#####)'######
......##''############
......##......'..'...###
......##))....'..'.....##
..<...##.....##..##.†...## #
......##...###....###....# .#
......##..##......§§###.### .#
......##''#...#§§#3§§#§...#Y.#...
########..))...§@TY§§§§..Y)..'...
########''#...#§§#§§§#Y...#..#.YG
.#..[[##..##......§§###.### .#
.#..[.##...###.o..###....# .#
.'..).##.....##..##.....## #
.#..))###.....'..'.....## .#..))#
###...'..'...### #######
############


You could see an orc knight, a deep troll, a smoke demon (ally target) and a
friendly ice beast (summoned).

Vanquished Creatures
  Josephine (D)
  An orc high priest (D)
  A death yak (D)
  A sea snake (D)
  A flayed ghost (D)
  2 orc sorcerers (D)
  A rust devil (D)
  A guardian serpent (D)
  A gargoyle (D)
  A komodo dragon (D)
  A troll (D)
  A polar bear (D)
  2 jumping spiders (D)
  3 wraiths (D)
  5 yaks (D)
  A wyvern (D)
  A warg (D)
  A floating eye (D)
  A swamp drake (D)
  A sky beast (D)
  An orc warrior (D)
  3 wolves (D)
  2 phantoms (D)
  A bullfrog (D)
  A gnoll sergeant (D)
  2 necrophages (D)
  3 wights (D)
  An iron imp (D)
  An orc priest (D)
  3 jellies (D)
  2 orc wizards (D)
  2 hell rats (D)
  2 mummies (D)
  A white imp (D)
  An ufetubus (D)
  An adder zombie (D)
  8 orcs (D)
  A bat (D)
  An endoplasm (D)
  A giant cockroach (D)
  2 goblins (D)
  3 jackals (D)
  A kobold (D)
  A ball python (D)
73 creatures vanquished.

Notes
Turn   | Place    | Note
-------+----------+-------------------------------------------
     0 | D        | Groucho the Djinni Earth Elementalist began the quest for
                  | the Orb.
     0 | D        | Groucho set off with the following spells memorised:
                  | Sandblast, Passwall, Stone Arrow, Petrify.
     0 | D        | Reached XP level 1. HP: 15/15 MP: 0/0
    10 | D        | Reached skill level 1 in Fighting
    45 | D        | Found a bloodstained altar of Trog.
    45 | D        | Found a viscous altar of Jiyva.
    45 | D        | Found a hazy altar of Hepliaklqana.
    45 | D        | Found an opulent altar of Gozag.
    46 | D        | Found a glowing golden altar of the Shining One.
    46 | D        | Found a glowing silver altar of Zin.
    46 | D        | Found a basalt altar of Yredelemnul.
    46 | D        | Found a shimmering altar of Xom.
    46 | D        | Found an ornate altar of the Wu Jian Council.
    46 | D        | Found a sacrificial altar of Ru.
    46 | D        | Found a stormy altar of Qazlal.
    46 | D        | Found an iron altar of Okawaru.
    46 | D        | Found a sparkling altar of Nemelex Xobeh.
    46 | D        | Found a burning altar of Makhleb.
    46 | D        | Found a blossoming altar of Fedhas.
    46 | D        | Found a white marble altar of Elyvilon.
    46 | D        | Found a shadowy altar of Dithmenos.
    46 | D        | Found a snail-covered altar of Cheibriados.
    47 | D        | Found a corrupted altar of Lugonu.
    48 | D        | Found a hide-covered altar of Uskayaw.
    48 | D        | Found a broken altar of Ashenzari.
    64 | D        | Became a worshipper of Dithmenos the Shadowed
    78 | D        | Reached skill level 3 in Spellcasting
    87 | D        | Reached * piety under Dithmenos
    99 | D        | Reached XP level 2. HP: 8/22 MP: 0/0
   411 | D        | Reached skill level 4 in Spellcasting
   597 | D        | Reached ** piety under Dithmenos
   624 | D        | Reached skill level 5 in Spellcasting
   624 | D        | Reached XP level 3. HP: 25/27 MP: 0/0
   624 | D        | Learned a level 1 spell: Beastly Appendage
   636 | D        | Noticed a floating eye
   644 | D        | Paralysed by a floating eye for 2 turns
   647 | D        | Killed a floating eye
   647 | D        | Reached *** piety under Dithmenos
   648 | D        | Reached skill level 7 in Spellcasting
   648 | D        | Reached XP level 4. HP: 23/32 MP: 0/0
   648 | D        | Reached XP level 5. HP: 26/37 MP: 0/0
   648 | D        | Learned a level 2 spell: Wereblood
  1016 | D        | Noticed a bullfrog
  1018 | D        | Killed a bullfrog
  1019 | D        | Reached skill level 9 in Spellcasting
  1019 | D        | Reached XP level 6. HP: 40/42 MP: 0/0
  1020 | D        | Noticed a wolf
  1022 | D        | Killed a wolf
  1023 | D        | Reached skill level 10 in Spellcasting
  1023 | D        | Reached **** piety under Dithmenos
  1352 | D        | Reached skill level 11 in Spellcasting
  1352 | D        | Reached XP level 7. HP: 47/47 MP: 0/0
  1352 | D        | Learned a level 3 spell: Swiftness
  1579 | D        | Noticed a gargoyle
  1581 | D        | Killed a gargoyle
  1582 | D        | Reached skill level 13 in Spellcasting
  1582 | D        | Reached XP level 8. HP: 16/52 MP: 0/0
  2006 | D        | Reached ***** piety under Dithmenos
  2366 | D        | Noticed Josephine
  2366 | D        | Noticed a wraith
  2374 | D        | Killed a wraith
  2686 | D        | Noticed a wraith
  2686 | D        | Noticed a wraith
  2687 | D        | Noticed a troll
  2690 | D        | Killed a wraith
  2691 | D        | Reached skill level 14 in Spellcasting
  2691 | D        | Killed a wraith
  2692 | D        | Reached XP level 9. HP: 48/64 MP: 0/0
  2692 | D        | Learned a level 4 spell: Fulminant Prism
  2693 | D        | Killed a troll
  2694 | D        | Reached skill level 5 in Fighting
  2698 | D        | Killed Josephine
  2698 | D        | Reached ****** piety under Dithmenos
  2699 | D        | Reached skill level 15 in Spellcasting
  3117 | D        | Noticed a flayed ghost
  3126 | D        | Killed a flayed ghost
  3127 | D        | Reached XP level 10. HP: 64/76 MP: 0/0
  3597 | D        | Noticed a komodo dragon
  3602 | D        | Killed a komodo dragon
  3603 | D        | Reached skill level 16 in Spellcasting
  3653 | D        | Noticed an orc sorcerer
  3655 | D        | Noticed a sea snake
  3659 | D        | Killed an orc sorcerer
  3659 | D        | Noticed an orc sorcerer
  3662 | D        | Noticed an orange demon
  3673 | D        | Killed a sea snake
  3676 | D        | Killed an orc sorcerer
  3677 | D        | Reached skill level 10 in Fighting
  3689 | D        | Reached skill level 17 in Spellcasting
  4026 | D        | Noticed an orc high priest
  4050 | D        | Noticed a rust devil
  4050 | D        | Killed an orc high priest
  4051 | D        | Reached XP level 11. HP: 47/87 MP: 0/0
  4051 | D        | Learned a level 4 spell: Summon Ice Beast
  4616 | D        | Reached skill level 18 in Spellcasting
  5246 | D        | Noticed a death yak
  5432 | D        | Reached skill level 1 in Armour
  5441 | D        | Reached skill level 1 in Short Blades
  5482 | D        | Noticed an orc knight
  5496 | D        | Noticed a death yak
  5497 | D        | Noticed a death yak
  5500 | D        | Noticed a deep troll
  5504 | D        | Killed a death yak
  5504 | D        | Noticed a death yak
  5513 | D        | HP: 4/90 [orc knight/bolt (28)]
  5514 | D        | Shot with a bolt by an orc knight

Illustrated notes

Levels and vault maps discovered:
D:        pitsprint [storerooms_1, entrance_room_1, metal_vault_4, armoury_3,
          mini_pit_1, grid_room_1, main_hall_1, silver_pit, the_coven_2,
          the_vestibule_1, steel_vault_1, golden_pit, hallway_of_sentries,
          crystal_vault_4, iron_vault_1, final_vault]

Skill      XL: |  1  2  3  4  5  6  7  8  9 10 11 |
---------------+----------------------------------+-----
Fighting       | 1 4 8 11 12 | 12.4
Spellcasting   | 3 5 7 9 11 13 14 15 17 18 | 18.3
Armour         | 2 |  2.0
Stealth        | 2 |  2.6
Short Blades   | 1 |  1.8
Dodging        | 3 |  3.3

Action                     |  1- 3 |  4- 6 |  7- 9 | 10-12 || total
---------------------------+-------+-------+-------+-------++-------
  Melee: Trident           |     5 |       |       |     1 ||     6
         Dagger            |       |       |       |     1 ||     1
   Cast: Sandblast         |    21 |     7 |     1 |       ||    29
         Stone Arrow       |       |       |    30 |    77 ||   107
         Summon Ice Beast  |       |       |       |     4 ||     4
    Use: Potion            |       |       |     1 |     9 ||    10
         Scroll            |       |       |       |     2 ||     2
   Stab: Sleeping          |       |       |       |     1 ||     1
 Armour: Robe              |     4 |       |       |     3 ||     7
  Dodge: Dodged            |    25 |       |     5 |    32 ||    62
